 Dungeon Crawl Stone Soup version 0.30.0-29-ga12c61a403 (webtiles) character file.

Game seed: 4131714217360596064

2 p3n3tr4t3 the Magician (level 1, -2/15 HPs)
             Began as a Djinni Air Elementalist on June 21, 2023.
             Slain by a jackal (3 damage)
             ... on level 1 of the Dungeon.
             The game lasted 00:02:13 (103 turns).

p3n3tr4t3 the Magician (Djinni Air Elementalist)     Turns: 103, Time: 00:02:13

Health: -2/15      AC:  2    Str:  7    XL:     1   Next: 33%
Gold:   39         EV: 12    Int: 16    God:
                   SH:  0    Dex: 13

rFire   + + .        (no weapon)
rCold   x . .        (no shield)
rNeg    . . .        a - +0 robe
rPois   ∞            (no helmet)
rElec   .            (no cloak)
rCorr   .            (no gloves)
SInv    .            (boots unavailable)
Will    .....        (no amulet)
Stlth   ++           (no ring)
HPRegen 0.22/turn    (no ring)
MPRegen 0.00/turn

%: infuse magic (-3 HP)
@: flying
A: sickness immunity, fire resistance 2, cold vulnerability 1, float, innate
caster, HP casting, extra vitality 1
a: no special abilities


You were on level 1 of the Dungeon.
You visited 1 branch of the dungeon, and saw 1 of its levels.

You collected 39 gold pieces.

Inventory:

Armour
 a - a +0 robe (worn)
Potions
 b - a potion of invisibility {unknown}


   Skills:
 + Level 2.2 Dodging
 + Level 1.6 Stealth
 + Level 2.5 Spellcasting


You knew the following spells:

 Your Spells              Type           Power      Damage    Failure   Level
a - Shock                 Conj/Air       40%        1d5       7%          1
b - Static Discharge      Conj/Air       20%        2-3/arc   11%         2
c - Swiftness             Air            10%        N/A       22%         3
d - Airstrike             Air            5%         2d(1-17)  56%         4
Your spell library was empty.

Dungeon Overview and Level Annotations

Branches:
Dungeon (1/15)

Altars:


Innate Abilities, Weirdness & Mutations

You are immune to sickness and miasma.
You are immune to poison.
Your flesh is very heat resistant. (rF++)
You are vulnerable to cold. (rC-)
You float through the air rather than walking.
You learn spells naturally, not from books.
Your magical power is your life essence.
You have superior vitality. (+4 MHP)


Message History

Unknown command.
The bat hits you but does no damage.
Aiming: Shock (safe; 7% risk of failure)
Press: ? - help, Q - select action, (/) - cycle Shift-Dir - straight line, f - jackal, p - bat
Aim: a jackal (60% to hit)
The zap hits the jackal but does no damage.
The zap hits the jackal.
The jackal is moderately wounded.
The bat hits you. The jackal bites you.
The jackal bites you but does no damage.
Aiming: Shock (safe; 7% risk of failure)
Press: ? - help, Q - select action, (/) - cycle Shift-Dir - straight line, f/p - jackal
Aim: a jackal (60% to hit)
The zap misses the jackal.
The jackal bites you. The jackal misses you.
The jackal bites you but does no damage.
The bat barely misses you. The jackal bites you.
* * * LOW HITPOINT WARNING * * *
Aiming: Shock (safe; 7% risk of failure)
Press: ? - help, Q - select action, (/) - cycle Shift-Dir - straight line, f/p - jackal
Aim: a jackal (60% to hit)
The zap hits the jackal.
The jackal is almost dead.
The zap hits the jackal.
The jackal is almost dead.
* * * LOW HITPOINT WARNING * * *
The bat hits you but does no damage. The jackal barely misses you.
Unknown command.
The bat hits you but does no damage. The jackal bites you.
* * * LOW HITPOINT WARNING * * *
The jackal closely misses you. The bat closely misses you.
Okay, then.
Aiming: Shock (safe; 7% risk of failure)
Press: ? - help, Q - select action, (/) - cycle Shift-Dir - straight line, f/p - jackal
Aim: a jackal (almost dead, 60% to hit)
The zap hits the jackal.
You kill the jackal!
* * * LOW HITPOINT WARNING * * *
The bat closely misses you. The jackal bites you.
You die...

...... .....
....# ...#
##++## #..#
##....###..#
#......##b.#
##....#.##h@#
#........#.h#
#......#.#.h#
#...##...#..#
#..####..#..#
+..'<>+..'..#
#..####..#..#
#...##...#..#
#.#......#..#


You could see 3 jackals and a bat.

Vanquished Creatures
  A hobgoblin (D:1)
  A jackal (D:1)
  A rat (D:1)
3 creatures vanquished.

Notes
Turn   | Place    | Note
-------+----------+-------------------------------------------
     0 | D:1      | p3n3tr4t3 the Djinni Air Elementalist began the quest for
                  | the Orb.
     0 | D:1      | p3n3tr4t3 set off with the following spells memorised:
                  | Shock, Static Discharge, Swiftness, Airstrike.
     0 | D:1      | Reached XP level 1. HP: 15/15 MP: 0/0
   103 | D:1      | Slain by a jackal

Illustrated notes

Levels and vault maps discovered:
D:1:      dpeg_arrival_refuge, layout_basic

Action                     || total
---------------------------++-------
   Cast: Shock             ||    10
 Armour: Robe              ||     9
  Dodge: Dodged            ||    26
